Map: Overgrown Facility

Players

Nyck

  • Race: Terran Terran
  • Spawn Location: 9:00

Ekelpack

  • Race: Zerg Zerg
  • Spawn Location: 7:00

Dracula - Winner!

  • Race: Protoss Protoss
  • Spawn Location: 1:00

KRoNiX - Winner!

  • Race: Zerg Zerg
  • Spawn Location: 3:00

VOD

Have the link to the VOD?

Description

Time

  • Played on: Aug. 20, 2024, 12:37 p.m.
  • Length: 10:14
Show
View Real Time Build Order
Export as new Build Order

Nyck Terran 

Build Orders: Command Center First 

Get SALT Encoding   

  12  0:00  SCV  
  13  0:12  SCV  
  14  0:21  Supply Depot  
  14  0:25  SCV  
  15  0:43  SCV  
  16  1:01  Command Center  
  16  1:02  SCV  
  17  1:16  SCV  
  18  1:29  SCV  
  19  1:47  Barracks  
  19  1:50  Engineering Bay  
  19  1:55  SCV  
  20  2:07  SCV  
  21  2:20  SCV  
  22  2:26  SCV, Refinery  
  23  2:36  SCV  
  24  2:38  Refinery  
  24  3:37  Engineering Bay  
  24  3:49  Planetary Fortress  
  24  4:09  Planetary Fortress  
  22  4:43  SCV  
  22  4:55  SCV x2  
  24  5:07  Supply Depot, SCV x2  
  26  5:19  SCV x2  
  26  5:20  Neosteel Armor  
  28  5:39  Command Center  
  28  5:42  SCV x2  
  30  5:51  Barracks  
  30  5:54  SCV x2  
  32  6:17  SCV x2  
  34  6:24  Supply Depot  
  34  6:30  SCV x2  
  36  6:46  Factory  
  36  7:00  Hi-Sec Auto Tracking  
  36  7:07  SCV x2  
  38  7:19  SCV  
  38  7:20  SCV  
  38  7:21  Supply Depot  
  40  7:32  SCV x2  
  42  7:55  Factory Tech Lab  
  42  7:59  Starport  
  42  8:02  Starport  
  42  8:03  SCV x2  
  44  8:18  SCV x2  
  46  8:25  Siege Tank  
  49  8:32  Planetary Fortress  
  49  8:46  Starport Tech Lab x2  
  49  8:54  SCV x2  
  51  8:58  Siege Tank  
  54  9:21  SCV x2  
  56  9:28  SCV  
  56  9:30  Siege Tank  
  60  9:40  SCV  
  61  9:52  SCV  
Show
View Real Time Build Order
Export as new Build Order

Ekelpack Zerg 

Build Orders: Pool First 

Get SALT Encoding   

  12  0:01  Drone  
  13  0:09  Drone  
  14  0:18  Overlord  
  14  0:25  Extractor  
  14  0:26  Drone  
  14  0:38  Drone x2  
  16  0:46  Drone  
  17  0:54  Spawning Pool  
  17  0:55  Drone  
  17  1:05  Drone  
  18  1:19  Drone  
  19  1:29  Drone  
  20  1:38  Overlord  
  20  1:41  Queen  
  20  1:45  Extractor  
  21  1:57  Hatchery  
  21  1:58  Zergling x2  
  21  1:59  Metabolic Boost  
  21  2:12  Roach Warren  
  21  2:14  Zergling x2  
  21  2:21  Zergling x2  
  22  2:35  Zergling x4  
  24  2:52  Roach  
  26  3:03  Overlord x2  
  26  3:20  Lair  
  26  3:23  Queen  
  28  3:43  Drone x6  
  35  4:13  Drone x2  
  35  4:16  Overlord x2  
  35  4:17  Extractor  
  35  4:22  Zergling x4  
  35  4:23  Zergling x2  
  35  4:31  Spire  
  35  4:36  Extractor  
  33  4:40  Zergling x10  
  33  4:41  Zergling x2  
  39  4:51  Drone  
  39  4:52  Drone x2  
  42  5:08  Drone  
  42  5:09  Drone x3  
  46  5:18  Drone  
  47  5:21  Drone x3  
  47  5:27  Overlord  
  50  5:31  Drone  
  51  5:45  Mutalisk x4  
  51  5:48  Drone  
  60  5:52  Zerg Flyer Weapons Level 1  
  60  5:58  Drone  
  61  6:08  Drone  
  62  6:13  Mutalisk x2  
  62  6:16  Overlord  
  66  6:44  Hatchery  
  66  6:46  Infestation Pit  
  64  6:54  Overlord  
  64  6:55  Drone x2, Overlord  
  64  6:56  Drone x7  
  73  7:05  Drone x2  
  75  7:22  Drone x4  
  70  7:41  Mutalisk  
  70  7:42  Mutalisk x3  
  48  8:29  Mutalisk x3  
  48  8:30  Drone x3  
  48  8:32  Hive  
  55  8:49  Drone  
  56  8:56  Drone x3  
  56  8:59  Queen  
  61  9:16  Drone x2  
  63  9:28  Corruptor x4  
  71  9:35  Queen  
Show
View Real Time Build Order
Export as new Build Order

Dracula Protoss - Winner!

Build Orders:  

Get SALT Encoding   

  12  0:13  Pylon  
  12  0:28  Probe (Chrono Boost)  
  13  0:35  Forge  
  13  0:38  Probe (Chrono Boost)  
  14  1:04  Assimilator  
  14  1:06  Pylon  
  14  1:11  Assimilator  
  14  1:19  Pylon  
  14  1:22  Pylon  
  14  1:28  Pylon  
  14  1:35  Pylon  
  14  1:38  Pylon  
  14  1:47  Photon Cannon  
  14  1:59  Photon Cannon  
  14  2:11  Photon Cannon  
  14  2:23  Photon Cannon  
  14  2:36  Pylon  
  14  3:04  Photon Cannon  
  14  3:13  Pylon  
  14  3:32  Photon Cannon  
  14  3:37  Pylon  
  14  3:42  Photon Cannon  
  14  3:57  Photon Cannon  
  14  3:58  Photon Cannon  
  14  4:01  Photon Cannon  
  14  4:19  Pylon  
  14  5:05  Assimilator  
  14  5:09  Assimilator  
  14  5:10  Gateway  
  14  5:29  Photon Cannon  
  14  5:35  Probe (Chrono Boost)  
  15  5:45  Probe (Chrono Boost)  
  16  5:50  Nexus, Probe (Chrono Boost)  
  17  6:25  Cybernetics Core, Probe (Chrono Boost)  
  18  6:35  Probe (Chrono Boost)  
  19  6:40  Probe (Chrono Boost)  
  20  6:52  Probe  
  21  7:04  Probe  
  19  8:10  Probe (Chrono Boost)  
  21  8:20  Probe (Chrono Boost)  
  21  8:25  Probe (Chrono Boost)  
  21  8:32  Nexus  
  23  8:34  Probe (Chrono Boost)  
  23  8:38  Probe (Chrono Boost)  
  24  8:44  Probe (Chrono Boost)  
  24  8:46  Probe (Chrono Boost)  
  26  9:04  Probe  
  27  9:16  Probe (Chrono Boost)  
  28  9:26  Probe (Chrono Boost)  
  28  9:28  Probe (Chrono Boost)  
  28  9:30  Assimilator  
  30  9:34  Assimilator x2, Probe (Chrono Boost)  
  30  9:35  Probe (Chrono Boost)  
  30  9:38  Assimilator  
  32  9:39  Probe (Chrono Boost)  
  32  9:42  Probe  
  32  9:45  Stargate x2  
  34  9:47  Pylon  
  34  9:49  Pylon  
  34  9:51  Probe  
  35  9:54  Probe  
Show
View Real Time Build Order
Export as new Build Order

KRoNiX Zerg - Winner!

Build Orders: Hatch First 

Get SALT Encoding   

  12  0:01  Drone  
  13  0:13  Overlord  
  13  0:17  Drone  
  14  0:31  Drone x2  
  16  0:51  Hatchery  
  16  0:53  Drone  
  16  0:56  Drone  
  17  1:00  Drone  
  18  1:11  Extractor  
  18  1:16  Spawning Pool  
  16  1:19  Drone  
  16  1:23  Drone  
  18  1:28  Drone  
  19  1:40  Overlord  
  19  1:50  Drone  
  20  2:03  Queen x2  
  20  2:04  Zergling x4  
  26  2:14  Drone  
  26  2:15  Drone  
  30  2:30  Drone x2  
  30  2:32  Metabolic Boost  
  30  2:39  Drone, Queen  
  30  2:40  Overlord  
  33  2:49  Drone  
  33  2:50  Drone  
  35  3:05  Hatchery  
  34  3:06  Drone x2  
  35  3:22  Zergling x4  
  35  3:23  Zergling x4  
  35  3:25  Drone x4  
  43  3:27  Roach Warren  
  43  3:30  Extractor  
  43  3:33  Extractor  
  40  3:34  Drone, Spore Crawler  
  40  3:38  Spore Crawler  
  40  3:40  Drone  
  40  3:52  Evolution Chamber  
  40  3:54  Zergling x2  
  40  3:55  Zergling x6  
  42  4:04  Overlord x2  
  42  4:12  Drone  
  43  4:18  Zerg Missile Weapons Level 1  
  43  4:33  Drone x8  
  43  4:38  Lair  
  51  4:47  Queen  
  53  5:07  Drone x4  
  53  5:08  Overlord x2  
  57  5:29  Drone x2  
  57  5:30  Drone x5  
  64  5:37  Hydralisk Den  
  64  5:38  Drone  
  64  5:44  Drone  
  64  5:47  Evolution Chamber  
  64  6:03  Roach  
  64  6:04  Roach x6  
  68  6:05  Roach  
  76  6:11  Grooved Spines  
  76  6:15  Drone  
  76  6:16  Lurker Den  
  76  6:19  Spore Crawler, Extractor  
  76  6:20  Drone x2, Extractor  
  76  6:21  Drone x5  
  76  6:22  Drone  
  76  6:24  Overlord x2  
  81  6:26  Zerg Ground Armor Level 1  
  81  6:28  Zerg Melee Weapons Level 1  
  81  6:49  Drone x5  
  81  6:50  Drone  
  81  6:51  Drone x4  
  91  7:03  Hydralisk x2  
  91  7:04  Hydralisk  
  97  7:13  Spore Crawler  
  97  7:14  Overseer  
  97  7:15  Spore Crawler  
  95  7:17  Spore Crawler  
  95  7:18  Spore Crawler  
  91  7:39  Spore Crawler, Hydralisk x4  
  96  8:03  Hydralisk  
  96  8:05  Overlord x4  
  98  8:06  Overlord x4  
  98  8:09  Muscular Augments  
  92  8:31  Drone  
  92  8:32  Drone  
  84  8:36  Hydralisk x4  
  84  8:38  Hydralisk  
  84  8:40  Zergling x18  
  103  8:44  Hydralisk  
  103  8:46  Zergling x6  
  103  8:47  Zergling x6  
  111  9:00  Drone  
  111  9:02  Infestation Pit  
  111  9:05  Hatchery  
  111  9:07  Hatchery  
  109  9:20  Hydralisk  
  109  9:21  Hydralisk x7  
  125  9:24  Drone x2  
  127  9:45  Extractor  
  127  9:46  Spore Crawler  
  127  9:47  Spore Crawler  
  127  9:48  Spine Crawler, Extractor  
  127  9:49  Spine Crawler  
Tags
 
Add a new tag
Caveats
  • Supply blocks, unpowered buildings, or Contaminate may cause inaccurate times.
  • Supply counts are checked every 10 seconds.